Map: [ESL] Waterfall

Players

Serral - Winner!

  • Race: Zerg Zerg
  • League: Grandmaster
  • Spawn Location: 1:00

ShoWTimE

  • Race: Protoss Protoss
  • League: Master
  • Spawn Location: 7:00

Event: TSL 9

VOD

Have the link to the VOD?

Description

Time

  • Played on: Sept. 4, 2022, 8:46 a.m.
  • Length: 8:34

All games in this series

Show
View Real Time Build Order
Export as new Build Order

Serral Zerg - Winner!

Build Orders: Hatch First 

Get SALT Encoding   

  12  0:00  Drone  
  13  0:11  Overlord  
  13  0:17  Drone  
  14  0:30  Drone x2  
  16  0:43  Drone  
  17  0:51  Hatchery  
  17  0:55  Drone  
  17  0:59  Drone  
  18  1:09  Extractor  
  17  1:14  Spawning Pool  
  17  1:16  Drone  
  17  1:20  Drone  
  18  1:28  Drone  
  19  1:38  Drone  
  20  1:49  Overlord  
  20  2:01  Queen  
  22  2:03  Queen  
  22  2:04  Zergling x4  
  26  2:13  Metabolic Boost  
  26  2:14  Drone  
  26  2:15  Drone  
  28  2:20  Drone  
  29  2:26  Drone  
  30  2:36  Hatchery  
  29  2:40  Drone  
  29  2:41  Drone  
  31  2:47  Queen  
  32  2:53  Overlord  
  32  2:55  Drone  
  32  2:58  Drone  
  34  2:59  Drone  
  34  3:04  Overlord  
  35  3:11  Drone x2  
  35  3:12  Drone x2  
  39  3:17  Queen  
  41  3:21  Drone x2  
  41  3:24  Drone  
  44  3:29  Queen  
  44  3:32  Overlord  
  46  3:35  Drone  
  46  3:36  Drone  
  46  3:40  Drone  
  49  3:47  Drone x2, Roach Warren  
  50  3:51  Queen  
  50  3:54  Drone  
  53  3:56  Drone  
  53  4:01  Overlord  
  54  4:03  Zergling x6  
  54  4:09  Zergling x8  
  61  4:14  Spore Crawler  
  61  4:16  Zergling x6  
  63  4:20  Spore Crawler  
  63  4:23  Overlord  
  62  4:32  Lair, Spore Crawler  
  62  4:33  Extractor  
  62  4:37  Drone x5  
  65  4:40  Drone x2  
  67  4:47  Drone x2, Overlord  
  67  4:50  Drone  
  67  4:51  Drone x2  
  72  4:53  Extractor  
  71  5:01  Drone  
  71  5:05  Overlord  
  71  5:08  Roach x5  
  71  5:14  Overlord  
  81  5:17  Extractor  
  81  5:20  Drone x7  
  87  5:28  Overlord  
  87  5:29  Drone x3  
  87  5:30  Drone  
  87  5:31  Glial Reconstitution  
  87  5:35  Extractor  
  89  5:37  Roach x2  
  89  5:42  Overlord  
  91  5:45  Overlord  
  91  5:49  Roach x3  
  97  5:52  Overlord, Evolution Chamber  
  97  5:54  Roach  
  98  6:01  Zergling x12  
  104  6:05  Overlord  
  100  6:13  Overlord  
  100  6:15  Zergling x4  
  100  6:16  Ravager x6  
  108  6:26  Zergling x2, Roach x5  
  108  6:27  Zergling x2  
  108  6:31  Overlord  
  120  6:35  Zergling x4  
  120  6:38  Ravager x2  
  124  6:43  Zergling x10  
  124  6:46  Overlord  
  127  6:48  Ravager  
  127  6:49  Roach x2  
  127  6:52  Roach x3  
  138  6:56  Zergling x6  
  140  7:03  Ravager  
  140  7:08  Zergling x12  
  143  7:18  Zergling x2, Roach x2  
  143  7:22  Zergling x2, Roach x2  
  147  7:27  Roach  
  136  7:36  Roach  
  136  7:37  Roach x4  
  127  7:41  Roach x2  
  125  7:44  Ravager x2  
  125  7:46  Ravager x2  
  125  7:48  Zergling x10  
  129  7:51  Zergling x6  
  131  7:59  Zergling x4  
  131  8:04  Zergling x10  
  132  8:08  Zergling x2  
  121  8:13  Roach  
Show
View Real Time Build Order
Export as new Build Order

ShoWTimE Protoss 

Build Orders: 1 Gate Expand 

Get SALT Encoding   

  12  0:00  Probe  
  13  0:12  Probe  
  14  0:17  Pylon  
  14  0:24  Probe (Chrono Boost)  
  15  0:36  Probe (Chrono Boost)  
  15  0:38  Gateway  
  16  0:45  Probe (Chrono Boost)  
  16  0:48  Assimilator  
  17  0:51  Probe  
  18  1:03  Probe  
  19  1:15  Probe  
  20  1:26  Nexus  
  20  1:35  Cybernetics Core  
  20  1:38  Probe  
  21  1:44  Assimilator  
  21  1:50  Probe  
  21  1:53  Pylon  
  22  2:02  Probe  
  23  2:09  Adept (Chrono Boost)  
  23  2:10  Probe  
  23  2:12  Warp Gate  
  26  2:18  Probe  
  27  2:23  Robotics Facility  
  27  2:29  Probe (Chrono Boost)  
  27  2:33  Stalker  
  30  2:37  Probe (Chrono Boost)  
  32  2:46  Probe (Chrono Boost)  
  32  2:47  Probe (Chrono Boost)  
  33  2:52  Probe x2 (Chrono Boost)  
  33  2:56  Gateway  
  35  3:04  Probe  
  35  3:05  Probe  
  37  3:11  Robotics Bay  
  37  3:17  Probe x2  
  37  3:19  Pylon  
  39  3:23  Adept  
  41  3:30  Warp Prism (Chrono Boost)  
  41  3:32  Probe  
  41  3:34  Probe  
  45  3:37  Assimilator  
  45  3:44  Pylon  
  45  3:45  Probe  
  45  3:46  Probe  
  47  3:57  Probe  
  47  3:58  Probe  
  47  4:00  Gravitic Drive  
  47  4:02  Adept x2  
  51  4:03  Disruptor (Chrono Boost)  
  51  4:09  Probe  
  57  4:10  Probe  
  57  4:13  Assimilator  
  57  4:15  Pylon  
  58  4:21  Probe  
  59  4:26  Twilight Council  
  59  4:33  Probe  
  59  4:34  Disruptor (Chrono Boost)  
  63  4:40  Gateway  
  63  4:50  Gateway  
  63  4:51  Gateway  
  63  4:53  Gateway  
  63  4:58  Gateway  
  63  5:02  Stalker  
  63  5:04  Blink (Chrono Boost)  
  65  5:14  Stalker  
  65  5:16  Disruptor (Chrono Boost)  
  65  5:17  Pylon  
  70  5:22  Pylon  
  70  5:33  Pylon  
  70  5:36  Stalker  
  70  5:37  Stalker  
  74  5:44  Disruptor  
  74  5:49  Pylon  
  77  5:53  Stalker x3  
  83  6:07  Pylon  
  83  6:11  Stalker x3  
  89  6:20  Stalker x3, Pylon  
  95  6:31  Pylon  
  95  6:33  Pylon  
  95  6:43  Stalker x5  
  105  6:48  Stalker  
  105  7:08  Stalker x4  
  113  7:18  Stalker x2  
  111  7:22  Pylon  
  103  7:38  Stalker x4  
  103  7:43  Stalker x2  
  90  8:00  Stalker x3  
Tags
 
Add a new tag
Caveats
  • Supply blocks, unpowered buildings, or Contaminate may cause inaccurate times.
  • Supply counts are checked every 10 seconds.